 Dungeon Crawl Stone Soup version 0.29.1-1-gd02db6906a (webtiles) character file.

Game seed: 3375224660187572881

5 LustLizard the Trooper (level 1, 0/18 HPs)
             Began as a Demonspawn Fighter on Oct 3, 2022.
             Slain by a hobgoblin (2 damage)
             ... on level 2 of the Dungeon.
             The game lasted 00:00:29 (228 turns).

LustLizard the Trooper (Demonspawn Fighter)          Turns: 228, Time: 00:00:29

Health: 0/18       AC:  6    Str: 16    XL:     1   Next: 66%
Magic:  1/1        EV:  8    Int:  9    God:
Gold:   32         SH:  4    Dex: 12    Spells: 0/0 levels left

rFire   . . .      SeeInvis .   a - +0 long sword
rCold   . . .      Faith    .   c - +0 buckler
rNeg    . . .      Spirit   .   b - +0 scale mail
rPois   .          Reflect  .   (no helmet)
rElec   .          Harm     .   (no cloak)
rCorr   .          Rampage  .   (no gloves)
Will    .....                   (no boots)
Stlth   ..........              (no amulet)
HPRegen 0.06/turn               (no ring)
MPRegen 0.07/turn               (no ring)

@: no status effects
A: no striking features
a: no special abilities


You were on level 2 of the Dungeon.
You visited 1 branch of the dungeon, and saw 2 of its levels.

You collected 32 gold pieces.

Inventory:

Hand Weapons
 a - a +0 long sword (weapon)
Armour
 b - a +0 scale mail (worn)
 c - a +0 buckler (worn)
Scrolls
 e - a scroll of enchant weapon {unknown}
Potions
 d - a potion of might


   Skills:
 + Level 3.0 Fighting
 * Level 2.0 Long Blades
 + Level 2.7 Armour
 + Level 2.7 Shields


You couldn't memorise any spells.
You didn't know any spells.
Your spell library was empty.

Dungeon Overview and Level Annotations

Branches:
Dungeon (1/15)

Altars:


Message History

Found a stone staircase leading down.
e - a scroll labelled MUOWOV KIOC A rat comes into view.
You barely miss the rat. The rat bites you but does no damage.
You hit the rat.
You kill the rat!
A goblin comes into view. It is wielding a +0 dagger.
The goblin shouts!
A hobgoblin comes into view.
The hobgoblin shouts!
An endoplasm comes into view.
You closely miss the goblin.
The endoplasm quivers.
The goblin hits you with a +0 dagger. The goblin barely misses you.
You miss the goblin. The goblin barely misses you.
You miss the goblin. The hobgoblin hits you.
The goblin hits you with a +0 dagger.
You barely miss the goblin. The goblin hits you with a +0 dagger.
The hobgoblin hits you but does no damage. x2
The goblin barely misses you. The hobgoblin attacks as you move away!
You block the hobgoblin's attack. The goblin attacks as you move away!
The goblin hits you but does no damage. The endoplasm attacks as you move away!
The endoplasm closely misses you.
The endoplasm jiggles.
The endoplasm hits you but does no damage.
You hit the endoplasm.
You kill the endoplasm!
Your Long Blades skill increases to level 2!
You barely miss the hobgoblin. The hobgoblin hits you.
* * * LOW HITPOINT WARNING * * *
You barely miss the hobgoblin. The hobgoblin hits you.
* * * LOW HITPOINT WARNING * * *
You hit the goblin.
The goblin is heavily wounded.
You block the goblin's attack. The hobgoblin hits you.
* * * LOW HITPOINT WARNING * * *
You hit the hobgoblin.
The hobgoblin is moderately wounded.
The hobgoblin hits you.
You die...

#......#.###
####.#.....##
#..#.....#
##..#....#
##.....##....#
#....#.##....#
#.##...>#..<>.
#.###.........
#.#@g.........
#.#g####......
#......#
.#....
#.###.## . ...
.. #. .. .##
.# . ## .


You could see a hobgoblin and a goblin.

Vanquished Creatures
  An endoplasm (D:2)
  A giant cockroach (D:1)
  A ball python (D:1)
  A frilled lizard (D:1)
  2 rats
6 creatures vanquished.

Notes
Turn   | Place    | Note
-------+----------+-------------------------------------------
     0 | D:1      | LustLizard the Demonspawn Fighter began the quest for the
                  | Orb.
     0 | D:1      | Reached XP level 1. HP: 18/18 MP: 1/1
   199 | D:1      | You fall into a shaft and drop 1 floor!
   228 | D:2      | Slain by a hobgoblin

Illustrated notes

Levels and vault maps discovered:
D:1:      dpeg_arrival_erosion, layout_basic, serial_shops,
          nicolae_shop_statue_plus, hellmonk_ecumenical_altar_leap_of_faith
D:2:      layout_rooms, grunt_ministairs_14, nrook_uturn

Skill      XL: |  1 |
---------------+----+-----
Long Blades    | 2 |  2.0
Fighting       | |  3.0
Armour         | |  2.7
Shields        | |  2.7

Action                   || total
-------------------------++-------
Melee: Long sword        ||    24
Armor: Scale mail        ||     7
Dodge: Dodged            ||     9
Block: Buckler           ||     4
